 Dungeon Crawl Stone Soup version 0.28.0-43-g3370ac3207 (webtiles) character file.

Game seed: 5258555805095242548

0 cbfl8 the Caller (level 1, -3/15 HPs)
             Began as a Naga Summoner on Mar 15, 2022.
             Frozen to death by an endoplasm (4 damage)
             ... on level 1 of the Dungeon.
             The game lasted 00:00:12 (40 turns).

cbfl8 the Caller (Naga Summoner)                      Turns: 40, Time: 00:00:13

Health: -3/15      AC:  1    Str: 10    XL:     1   Next: 10%
Magic:  3/3        EV:  9    Int: 15    God:
Gold:   0          SH:  0    Dex: 11    Spells: 3/4 levels left

rFire   . . .      SeeInvis +   (no weapon)
rCold   . . .      Faith    .   (no shield)
rNeg    . . .      Spirit   .   a - +0 robe
rPois   +          Reflect  .   (no helmet)
rElec   .          Harm     .   (no cloak)
rCorr   .          Rampage  .   (no gloves)
Will    .....                   (no barding)
Stlth   ++........              (no amulet)
HPRegen 0.05/turn               (no ring)
MPRegen 0.08/turn               (no ring)

@: very slow
A: AC +0, large, see invisible, deformed body, poison resistance, slowness 2,
spit poison 1, naga tail 1
a: Spit Poison


You were on level 1 of the Dungeon.
You visited 1 branch of the dungeon, and saw 1 of its levels.

Inventory:

Armour
 a - a +0 robe (worn)


   Skills:
 + Level 1.5 Dodging
 + Level 3.0 Stealth
 + Level 2.0 Spellcasting
 + Level 4.0 Summonings


You had 3 spell levels left.
You knew the following spells:

 Your Spells              Type           Power      Damage    Failure   Level
a - Summon Small Mammal   Summ           52%        N/A       4%          1

Your spell library contained the following spells:

 Spells                   Type           Power      Damage    Failure   Level
 Call Imp                 Summ           13%        N/A       6%          2
 Call Canine Familiar     Summ           13%        N/A       13%         3
 Summon Guardian Golem    Hex/Summ       7%         N/A       28%         3
 Summon Lightning Spire   Summ/Air       7%         N/A       67%         4


Dungeon Overview and Level Annotations

Branches:
Dungeon (1/15)

Altars:


Innate Abilities, Weirdness & Mutations

Your serpentine skin is tough. (AC +0)
You have supernaturally acute eyesight. (SInv)
Armour fits poorly on your strangely shaped body.
Your system is resistant to poisons. (rPois)
You cover ground very slowly.
You can spit poison.
You have a snake-like lower body.


Message History

Welcome, cbfl8 the Naga Summoner.
It is said that the Orb of Zot exists deep within this dungeon.
Press ? for a list of commands and other information.
Found a river rat skeleton.
Found a staircase leading out of the dungeon.
Found a river rat skeleton.
You open the door.
There is a staircase leading out of the dungeon here.
You open the door.
There is an open door here.
Found a scroll labelled TERHOSI AMIRGH.
A ball python comes into view.
The ball python hisses angrily.
The ball python bites you.
An endoplasm comes into view.
The endoplasm quivers.
The ball python bites you. The ball python barely misses you.
The ball python bites you.
You hit the ball python but do no damage.
The ball python bites you.
You closely miss the ball python. The ball python barely misses you.
You hit the ball python but do no damage.
The ball python bites you. The ball python closely misses you.
You hit the ball python but do no damage.
The ball python barely misses you.
You hit the ball python but do no damage.
The ball python bites you but does no damage.
You barely miss the ball python. The ball python bites you.
* * * LOW HITPOINT WARNING * * *
You closely miss the ball python. The ball python bites you.
* * * LOW HITPOINT WARNING * * *
You hit the ball python.
You kill the ball python!
You hit the endoplasm.
The endoplasm is moderately wounded.
The endoplasm freezes you.
You are frozen.
You die...

###### ≈≈≈≈≈##
≈≈≈≈≈≈# # ○≈#≈≈≈#
.# ≈≈≈≈≈≈#
###.##### ≈≈≈°≈○#
#@J......
#########
#.#..####
<....'..########.#
.#
#######..........#
#
≈≈≈≈≈≈##########.#
≈≈≈≈÷≈# #.#
≈≈#≈≈≈# #.#
≈≈≈≈≈≈# #.#
≈≈≈≈≈## #.#


You could see an endoplasm.

Vanquished Creatures
  A ball python (D:1)
1 creature vanquished.

Notes
Turn   | Place    | Note
-------+----------+-------------------------------------------
     0 | D:1      | cbfl8 the Naga Summoner began the quest for the Orb.
     0 | D:1      | Reached XP level 1. HP: 15/15 MP: 3/3
    40 | D:1      | Frozen to death by an endoplasm

Illustrated notes

Levels and vault maps discovered:
D:1:      saegor_arrival_miasma, layout_loops_ring,
          dreamdust_ecumenical_altar_angels_and_demons, serial_bayou_ford_a

Action                   || total
-------------------------++-------
Melee: Unarmed           ||     9
Armor: Robe              ||     1
Dodge: Dodged            ||     4
